 Dungeon Crawl Stone Soup version 0.29-a0-11-ga75d3d97ab (webtiles) character file.

Game seed: 11356394031002269316

997 kae the Ruffian (level 7, 0/57 HPs)
             Began as a White Draconian Transmuter on Jan 28, 2022.
             Killed by divine providence
             ... invoked by an orc priest
              (11 damage)
             ... on level 5 of the Dungeon.
             The game lasted 00:04:32 (6486 turns).

kae the Ruffian (White Draconian Transmuter)        Turns: 6486, Time: 00:04:32

Health: 0/57       AC:  2    Str: 13    XL:     7   Next: 99%
Magic:  0/12       EV: 20    Int: 15    God:
Gold:   184        SH:  0    Dex: 16    Spells: 4/12 levels left

rFire   . . .      SeeInvis .     - Unarmed
rCold   . . .      Faith    .   (shield currently unavailable)
rNeg    . . .      Spirit   +   (armour unavailable)
rPois   x          Reflect  .   (helmet currently unavailable)
rElec   .          Harm     .   (cloak currently unavailable)
rCorr   .          Rampage  .   (gloves currently unavailable)
Will    .....                   (boots currently unavailable)
Stlth   +.........              f - amulet of guardian spirit
HPRegen 0.19/turn               (no ring)
MPRegen 0.13/turn               (no ring)

@: spider-form (expiring)
A: venomous fangs, (breathe frost), AC +6, tiny, unfitting armour, (cold
resistance 1), (cold-blooded), mutation resistance 1
a: End Transformation


You were on level 5 of the Dungeon.
You were a venomous arachnid creature.
You visited 1 branch of the dungeon, and saw 5 of its levels.

You collected 184 gold pieces.

Inventory:

Jewellery
 f - an amulet of guardian spirit (around neck)
Scrolls
 a - a scroll of fear
 b - 3 scrolls of teleportation
 h - a scroll of silence
 i - a scroll of magic mapping
Potions
 c - a potion of heal wounds
 d - a potion of lignification
 g - a potion of flight


   Skills:
 + Level 3.5 Fighting
 + Level 3.2 Dodging
 * Level 5.3 Unarmed Combat
 + Level 3.3 Spellcasting
 * Level 4.8 Transmutations
 * Level 3.5 Ice Magic
 - Level 2.0 Poison Magic


You had 4 spell levels left.
You knew the following spells:

 Your Spells              Type           Power      Damage    Failure   Level
a - Beastly Appendage     Tmut           32%        N/A       10%         1
b - Spider Form           Tmut/Pois      12%        N/A       32%         3
c - Ice Form              Ice/Tmut       15%        N/A       56%         4

Your spell library contained the following spells:

 Spells                   Type           Power      Damage    Failure   Level
 Wereblood                Tmut           16%        N/A       13%         2
 Summon Small Mammal      Summ           8%         N/A       38%         1
 Call Canine Familiar     Summ           2%         N/A       71%         3
 Summon Guardian Golem    Hex/Summ       2%         N/A       71%         3


Dungeon Overview and Level Annotations

Branches:
Dungeon (5/15)
 Temple: D:4-7

Altars:
Dithmenos
Gozag
Hepliaklqana
Kikubaaqudgha
Qazlal
Xom


Innate Abilities, Weirdness & Mutations

You are a venomous arachnid creature.
You have poisonous fangs.
You are tiny and dextrous.
Your spellcasting is less reliable in this form.
Your armour is entirely melded.
You are incapable of wielding weapons or throwing items.
((You can breathe waves of freezing cold which knock back foes.))
((Your icy white scales are hard. (AC +6)))
You cannot fit into any form of body armour.
((Your flesh is cold resistant. (rC+)))
((You are cold-blooded and may be slowed by cold attacks.))
You are somewhat resistant to further mutation.


Message History

The adder barely misses you.
The orc priest calls down the wrath of Beogh upon you.
Beogh smites you!
* * * LOW HITPOINT WARNING * * *
You barely miss the adder.
The adder is almost dead.
You kill the adder!
You feel much better.
Your transformation is almost over.
Something closely misses you.
You hit something. Something closely misses you.
You hit something.
The orc priest begins to cast a cantrip, but forgets the words!
Something hits you.
You closely miss something.
You hear some strange, mumbled words.
A magic dart appears from out of thin air!
The magic dart hits you.
You barely miss something. The orc barely misses you.
The orc priest looks satisfied for a moment.
Something hits you.
You hit something but do no damage.
Reactivating autopickup.
You feel a bit more experienced. The orc closely misses you.
The orc priest mumbles some strange prayers to Beogh against you.
Beogh smites you!
* * * LOW HITPOINT WARNING * * *
The orc priest completely misses you.
Items here: ) [ ††.
You bite the orc priest!
The orc priest is severely wounded.
The orc hits you with a +0 hand axe.
* * * LOW HITPOINT WARNING * * *
The orc priest completely misses you.
You barely miss the orc priest.
The orc priest is severely wounded.
The orc barely misses you.
The orc priest calls down the wrath of Beogh upon you.
Beogh smites you!
You die...

..... ..# #.≈≈_§≈≈..#
.>... #.####.§≈≈§§§..#
......#.##...≈≈≈§§≈..#
......#....#.....§..##
.................####
.....o)...########
...#.S....###
........#o..#
......###s#.# ......
#o#.# ...............#
##.#.####......# ..#.
#......# #......#
########


You could see an orc priest and an orc.

Vanquished Creatures
  Pikel (D:4)
  2 ogres (D:4)
  2 lemures (D:3)
  A howler monkey (D:4)
  Terence (D:3)
  4 orc wizards
  A hound skeleton (D:4)
  7 adders
  An adder skeleton (D:4)
  5 worms
  3 dart slugs
  14 orcs
  8 endoplasms
  4 giant cockroaches
  5 goblins
  3 hobgoblins
  6 jackals (D:1)
  7 quokkas
  11 ball pythons
  4 bats
  3 frilled lizards
  3 kobolds
  13 rats
109 creatures vanquished.

Notes
Turn   | Place    | Note
-------+----------+-------------------------------------------
     0 | D:1      | kae the Draconian Transmuter began the quest for the Orb.
     0 | D:1      | Reached XP level 1. HP: 16/16 MP: 3/3
   314 | D:1      | Reached XP level 2. HP: 16/23 MP: 3/5
   553 | D:1      | Found a faded altar of an unknown god.
  1050 | D:1      | Reached XP level 3. HP: 28/28 MP: 4/6
  1054 | D:1      | Learned a level 3 spell: Spider Form
  1482 | D:1      | You fall into a shaft and drop 1 floor!
  2059 | D:2      | Found an ancient bone altar of Kikubaaqudgha.
  2209 | D:2      | Reached skill level 1 in Poison Magic
  2381 | D:2      | Reached XP level 4. HP: 36/36 MP: 5/7
  2600 | D:3      | Found an opulent altar of Gozag.
  2986 | D:3      | Found an ancient bone altar of Kikubaaqudgha.
  3125 | D:3      | Reached XP level 5. HP: 7/41 MP: 4/8
  3125 | D:3      | Gained mutation: You are somewhat resistant to further
                  | mutation. [potion of mutation]
  3479 | D:3      | Noticed Terence
  3491 | D:3      | Killed Terence
  3716 | D:3      | Found a hazy altar of Hepliaklqana.
  3754 | D:3      | Found a shimmering altar of Xom.
  4268 | D:4      | Noticed an ogre
  4277 | D:4      | Killed an ogre
  4278 | D:4      | Reached skill level 4 in Unarmed Combat
  4278 | D:4      | Reached XP level 6. HP: 24/50 MP: 4/10
  4447 | D:4      | Learned a level 4 spell: Ice Form
  5047 | D:4      | Noticed Pikel
  5061 | D:4      | Killed Pikel
  5062 | D:4      | Reached skill level 5 in Unarmed Combat
  5062 | D:4      | Your scales start taking on an icy white colour.
  5062 | D:4      | Reached XP level 7. HP: 16/57 MP: 4/11
  5062 | D:4      | Gained mutation: Your flesh is cold resistant. (rC+) [White
                  | Draconian growth]
  5335 | D:4      | Found a shadowy altar of Dithmenos.
  6373 | D:5      | Entered Level 5 of the Dungeon
  6432 | D:5      | Found a stormy altar of Qazlal.
  6486 | D:5      | Killed from afar by an orc priest

Illustrated notes

Levels and vault maps discovered:
D:1:      minmay_arrival_hallway, layout_basic,
          shapermc_ecumenical_altar_mp_vishouse
D:2:      layout_basic, basic_altar
D:3:      layout_basic, mainiacjoe_overflow_boulevard,
          mainiacjoe_overflow_24_doors, mainiacjoe_overflow_chevrons,
          lemuel_doored_altar, gup_sewer_entry_bubbles, minmay_crystal_room,
          uniq_terence
D:4:      layout_layer_cave, marbit_many_paths, uniq_pikel
D:5:      layout_rooms, general_overflow_altar, uniq_sigmund

Skill      XL: |  1  2  3  4  5  6  7 |
---------------+----------------------+-----
Dodging        | 2 3 |  3.2
Poison Magic   | 1 2 |  2.0
Transmutations | 3 4 |  4.8
Fighting       | 2 3 |  3.5
Unarmed Combat | 4 5 |  5.3
Spellcasting   | 3 |  3.3
Ice Magic      | 2 3 |  3.5

Action                   |  1- 3 |  4- 6 |  7- 9 || total
-------------------------+-------+-------+-------++-------
Melee: Unarmed           |   127 |   184 |    61 ||   372
       Headbutt          |    15 |     6 |       ||    21
       Kick              |    16 |    13 |       ||    29
       Tailslap          |    13 |    11 |     4 ||    28
       Punch             |     2 |     2 |       ||     4
 Cast: Beastly Appendage |    34 |    12 |     1 ||    47
       Spider Form       |       |    10 |     9 ||    19
  Use: Scroll            |       |     7 |     2 ||     9
       Potion            |       |     6 |     1 ||     7
 Stab: Sleeping          |     1 |     1 |       ||     2
Armor: Skin              |    45 |    29 |     5 ||    79
Dodge: Dodged            |   108 |   108 |    51 ||   267

Table legend: (Time is in decaauts)
 A = Elapsed time spent in this place.
 B = Non-inter-level travel time spent in this place.
 C = Inter-level travel time spent in this place.
 D = Time resting spent in this place.
 E = Time spent auto-exploring this place.
 F = Levels seen in this place.
 G = Mean time per level.
                   A        B        C        D        E       F      G
               +--------+--------+--------+--------+--------+-----+--------+
         Total |   6471 |   6251 |    220 |     69 |   5070 |   5 | 1294.2 |
       Dungeon |   6471 |   6251 |    220 |     69 |   5070 |   5 | 1294.2 |
               +--------+--------+--------+--------+--------+-----+--------+

Top non-repeatable levels by time:
     D:3: 1969 daAuts
     D:4: 1928 daAuts
     D:1: 1665 daAuts
     D:2: 797 daAuts
     D:5: 110 daAuts
